 Dungeon Crawl Stone Soup version 0.27.1-34-g3ba077fa99 (webtiles) character file.

Game seed: 11432857427651969422

56 MisterFreud the Conjurer (level 3, -4/28 HPs)
             Began as a Naga Fire Elementalist on Jan 21, 2022.
             Slain by a kobold (5 damage)
             ... on level 3 of the Dungeon.
             The game lasted 00:05:02 (2161 turns).

MisterFreud the Conjurer (Naga Fire Elementalist)   Turns: 2161, Time: 00:05:03

Health: -4/28      AC:  4    Str:  7 (10) XL:     3   Next: 97%
Magic:  5/6        EV:  9    Int: 13 (16) God:
Gold:   92         SH:  0    Dex:  9 (11) Spells: 5/6 levels left

rFire    . . .     SeeInvis +   b - +0 dagger
rCold    . . .     Faith    .   (no shield)
rNeg     . . .     Spirit   .   a - +0 robe
rPois    +         Reflect  .   e - +0 helmet
rElec    .         Harm     .   f - +0 cloak
rCorr    .         Rampage  .   (no gloves)
Will     .....                  (no barding)
Stlth    ++........             (no amulet)
HPRegen  0.09/turn              (no ring)
MPRegen  0.10/turn              (no ring)

@: very slightly contaminated, invisible, very slow
A: AC +1, large, see invisible, deformed body, poison resistance, slowness 2,
spit poison 1, naga tail 1
a: Spit Poison


You were on level 3 of the Dungeon.
You visited 1 branch of the dungeon, and saw 3 of its levels.

You collected 92 gold pieces.

Inventory:

Hand Weapons
 b - a +0 dagger (weapon)
Missiles
 d - 9 poisoned darts
 i - 8 boomerangs
 m - 2 atropa-tipped darts
Armour
 a - a +0 robe (worn)
 e - a +0 helmet (worn)
 f - a +0 cloak (worn)
 k - a scarf of invisibility
Scrolls
 h - a scroll of amnesia


   Skills:
 - Level 1.5 Dodging
 - Level 3.0 Stealth
 + Level 2.2 Spellcasting
 + Level 3.2 Conjurations
 + Level 3.2 Fire Magic


You had 5 spell levels left.
You knew the following spells:

 Your Spells              Type           Power      Damage    Failure   Level
a - Foxfire               Conj/Fire      36%        2x1d5     7%          1

Your spell library contained the following spells:

 Spells                   Type           Power      Damage    Failure   Level
 Conjure Flame            Conj/Fire      9%         6-21      21%         3
 Inner Flame              Hex/Fire       5%         N/A       36%         3
 Sticky Flame             Conj/Fire      9%         2d3       54%         4
 Fireball                 Conj/Fire      4%         3d4       88%         5


Dungeon Overview and Level Annotations

Branches:
Dungeon (3/15)

Altars:

Shops:
D:2 (

Annotations:
D:2 exclusion: ogre


Innate Abilities, Weirdness & Mutations

Your serpentine skin is tough. (AC +1)
You have supernaturally acute eyesight. (SInv)
Armour fits poorly on your strangely shaped body.
Your system is resistant to poisons. (rPois)
You cover ground very slowly.
You can spit poison.
You have a snake-like lower body.


Message History

The kobold hits you with a +0 dagger.
You hit the kobold.
The kobold is severely wounded.
The kobold hits you but does no damage. The kobold hits you with a +0 dagger.
Press: ? - help, Shift-Dir - straight line, f/p - kobold
Aim: a kobold, wielding a +0 dagger The splash of poison hits the kobold.
The kobold is poisoned.
You kill the kobold!
The kobold hits you but does no damage.
Unknown command.
Unknown command.
Casting: Foxfire (safe; 5% risk of failure)
Confirm with . or Enter, or press ? or * to list all spells.
There is not enough space to conjure foxfire!
Unknown command.
Unknown command.
As you read the scroll labelled ZUAPRAE SAESSEA, it crumbles to dust.
It is a scroll of identify.
h - a scroll of amnesia The adder barely misses you.
The kobold barely misses you. The adder bites you.
* * * LOW HITPOINT WARNING * * *
It was a potion of degeneration.
There was something very wrong with that liquid.
You feel weakened.
You feel dopey.
You feel clumsy. The kobold hits you but does no damage. The adder bites you.
* * * LOW HITPOINT WARNING * * *
It was a potion of invisibility.
You fade into invisibility!
The kobold hits you with a +0 short sword.
* * * LOW HITPOINT WARNING * * *
The adder bites you.
* * * LOW HITPOINT WARNING * * *
You are very lightly contaminated with residual magic.
As you read the scroll labelled YQIVVUN ADAQO, it crumbles to dust.
You hear a loud clanging noise!
It was a scroll of noise.
You have got your breath back.
The adder bites you but does no damage.
The kobold hits you with a +0 short sword.
You die...

....... ......
...... ♣...♣
♣...♣♣ ♣♣♣♣.....
♣♣♣ ##.#.##S#
#.#
.######..:..K@#
#.######
..........######
#......#
....###...####
######.##
#............#
########..#
#.#.###...##.#
#.........#
##.###.#
###.....#...#
#.# #.#
#.......#..##
..#
#.###...#.#.#..#
####
#...........#..#


You could see an adder and a kobold.

Vanquished Creatures
  2 adders
  4 bats
  5 endoplasms
  4 giant cockroaches
  A goblin (D:3)
  3 hobgoblins
  5 kobolds
  2 quokkas (D:2)
  2 ball pythons
  2 frilled lizards (D:2)
  7 rats
37 creatures vanquished.

Vanquished Creatures (others)
  38 foxfires
38 creatures vanquished.

Grand Total: 75 creatures vanquished

Notes
Turn   | Place    | Note
-------+----------+-------------------------------------------
     0 | D:1      | MisterFreud the Naga Fire Elementalist began the quest for
                  | the Orb.
     0 | D:1      | Reached XP level 1. HP: 15/15 MP: 3/3
   243 | D:1      | Found a faded altar of an unknown god.
   292 | D:1      | Reached XP level 2. HP: 22/22 MP: 3/5
  1005 | D:2      | Found Naheq's Weapon Shoppe.
  1161 | D:2      | Reached XP level 3. HP: 28/28 MP: 4/6
  1182 | D:2      | Noticed an ogre
  2160 | D:3      | HP: 1/28 [adder (1)]
  2161 | D:3      | Slain by a kobold

Illustrated notes

Levels and vault maps discovered:
D:1:      psy_arrival_fountain, layout_loops_ring,
          hellmonk_ecumenical_altar_lost_god
D:2:      layout_basic, serial_shops, shop
D:3:      layout_loops_ring, fedhas_altar_fruit_tree, hangedman_decor_lopped

Skill      XL: |  1  2  3 |
---------------+----------+-----
Conjurations   | 2 3 |  3.2
Dodging        | |  1.5
Stealth        | |  3.0
Spellcasting   | |  2.2
Fire Magic     | |  3.2

Action                   || total
-------------------------++-------
Melee: Dagger            ||    32
       Unarmed           ||     2
 Cast: Foxfire           ||    26
 Abil: Spit Poison       ||    33
  Use: Scroll            ||     2
       Potion            ||     2
 Stab: Sleeping          ||     1
Armor: Robe              ||    12
Dodge: Dodged            ||    23
